 Dungeon Crawl Stone Soup version 0.24-a0-368-g0e0cebd0f3 (webtiles) character file.

Game seed: 4260743100368080860

319 goulibeur the Skirmisher (level 6, -8/56 HPs)
             Began as a Minotaur Fighter on May 29, 2019.
             Killed from afar by Dowan (21 damage)
             ... with a shard of ice
             ... on level 4 of the Dungeon.
             The game lasted 00:08:20 (2525 turns).

goulibeur the Skirmisher (Minotaur Fighter)         Turns: 2525, Time: 00:08:21

Health: -8/56      AC: 10    Str: 21    XL:     6   Next: 21%
Magic:  5/5        EV:  6    Int:  5    God:
Gold:   104        SH:  9    Dex: 11    Spells: 5/5 levels left

rFire    . . .     SeeInvis .   a - +0 flail
rCold    . . .     Gourm    .   c - +0 shield
rNeg     . . .     Faith    .   i - +0 chain mail (curse)
rPois    .         Spirit   .   (helmet restricted)
rElec    .         Reflect  .   (no cloak)
rCorr    .         Harm     .   h - +0 pair of gloves
MR       .....                  (no boots)
Stlth    ..........             (no amulet)
HPRegen  0.18/turn              (no ring)
MPRegen  0.09/turn              (no ring)

@: no status effects
A: retaliatory headbutt, horns 2
a: no special abilities


You were on level 4 of the Dungeon.
You were hungry.

You visited 1 branch of the dungeon, and saw 4 of its levels.

You collected 104 gold pieces.

Inventory:

Hand Weapons
 a - a +0 flail (weapon)
 q - a cursed -1 whip
Missiles
 k - 9 boomerangs (quivered)
Armour
 c - a +0 shield (worn)
 h - a +0 pair of gloves (worn)
 i - a cursed +0 chain mail (worn)
Jewellery
 p - a +5 ring of strength {unknown}
Scrolls
 b - 2 scrolls of enchant armour {unknown}
 j - 2 scrolls of enchant weapon {unknown}
 l - a scroll of identify {unknown}
 m - 3 scrolls of teleportation {unknown}
 r - a scroll of blinking {unknown}
 s - a scroll of noise {unknown}
Potions
 d - a potion of might
 e - 2 potions of haste {unknown}
 g - a potion of invisibility {unknown}
 n - a potion of berserk rage {unknown}
 t - a potion of curing {unknown}
Comestibles
 f - 14 rations
 o - 6 chunks of flesh


   Skills:
 * Level 5.2 Fighting
 * Level 4.5 Maces & Flails
 + Level 1.6 Throwing
 + Level 4.4 Armour
 + Level 2.2 Dodging
 + Level 4.5 Shields


You had 5 spell levels left.
You didn't know any spells.
Your spell library was empty.

Dungeon Overview and Level Annotations

Branches:
Dungeon (4/15)
 Temple: D:4-7

Altars:
Kikubaaqudgha

Annotations:
D:4 Dowan


Innate Abilities, Weirdness & Mutations

You reflexively headbutt those who attack you in melee.
You have a pair of horns on your head.


Message History

Dowan shakes with grief.
Dowan hits you but does no damage. Dowan closely misses you.
You closely miss Dowan. You block Dowan's attack.
Dowan breathes, "And she was my only..."
Dowan barely misses you. You furiously retaliate!
You headbutt Dowan. You completely miss Dowan.
Dowan is lightly wounded.
Dowan hits you but does no damage. You block Dowan's attack.
You miss Dowan.
Dowan is lightly wounded.
Dowan points at you and mumbles some strange words.
The shard of ice hits you!
* * * LOW HITPOINT WARNING * * *
Dowan points at you and mumbles some strange words.
The stone arrow hits you.
* * * LOW HITPOINT WARNING * * *
Dowan says, "Her death will not be in vain!"
Dowan gestures at you while chanting. The shard of ice hits you!!
You die...

.. ...........##
....#...#........#
........#........#
....#.#.#.#.#....#
#......#.......#
#......#O..#...#
#.....e.).....#
#.......#####.# #.
#....@÷.......# #..
##............# #..
+.. #......###.###
#.. #.. #..........#
#.. #.#
#####.÷..######
#..##.###..##....#
#..........##..#####
#....................
#.....##...##........


You could see an ogre and Dowan.

Vanquished Creatures
  Duvessa (D:4)
  An orc wizard (D:3)
  A worker ant (D:4)
  7 adders
  2 oozes
  A worm (D:3)
  A dart slug (D:1)
  2 leopard geckos (D:2)
  6 orcs (D:3)
  2 ball pythons
  5 giant cockroaches
  16 goblins
  2 hobgoblins
  12 kobolds
  2 quokkas (D:2)
  8 bats
  7 frilled lizards
  7 rats
83 creatures vanquished.

Notes
Turn   | Place    | Note
-------+----------+-------------------------------------------
     0 | D:1      | goulibeur the Minotaur Fighter began the quest for the Orb.
     0 | D:1      | Reached XP level 1. HP: 19/19 MP: 0/0
   358 | D:1      | Reached XP level 2. HP: 27/27 MP: 1/1
   675 | D:1      | Reached skill level 4 in Fighting
  1132 | D:2      | Reached XP level 3. HP: 30/33 MP: 2/2
  1354 | D:2      | Reached skill level 1 in Dodging
  1647 | D:2      | Reached XP level 4. HP: 41/41 MP: 3/3
  1874 | D:3      | Reached skill level 1 in Throwing
  2211 | D:3      | Reached XP level 5. HP: 33/47 MP: 4/4
  2218 | D:3      | Found an ancient bone altar of Kikubaaqudgha.
  2503 | D:4      | Noticed Duvessa
  2515 | D:4      | Killed Duvessa
  2515 | D:4      | Reached skill level 5 in Fighting
  2515 | D:4      | Reached XP level 6. HP: 27/56 MP: 5/5
  2516 | D:4      | Noticed Dowan
  2525 | D:4      | Killed from afar by Dowan

Levels and vault maps discovered:
D:1:      minmay_arrival_glassed_features, layout_basic
D:2:      minmay_recursive_quarters, layout_rooms
D:3:      layout_rooms, nicolae_overflow_crystal_walls, serial_corexii_hall,
          chequers_hall_statues_wall_a, corexii_hall_statues_deadend,
          due_unseen_surprise
D:4:      layout_gridville, hangedman_decor_lopped, uniq_robin, uniq_duvessa,
          uniq_grinder

Skill      XL: |  1  2  3  4  5 |
---------------+----------------+-----
Maces & Flails | 3 4 |  4.5
Fighting       | 4 5 |  5.2
Dodging        | 1 2 |  2.2
Shields        | 4 |  4.5
Armour         | 4 |  4.4
Throwing       | 1 |  1.6

Action                   |  1- 3 |  4- 6 || total
-------------------------+-------+-------++-------
Melee: Flail             |   137 |   106 ||   243
       Headbutt          |    17 |    15 ||    32
  Eat: Chunk             |     3 |     2 ||     5
Armor: Scale mail        |    15 |       ||    15
       Chain mail        |    93 |    75 ||   168
Dodge: Dodged            |    38 |    22 ||    60
Block: Shield            |   105 |    65 ||   170

Table legend:
 A = Non-vault XP
 B = Vault XP
 C = Vault XP percentage of total XP
 D = Non-vault monster count
 E = Vault monster count
 F = Vault count percentage of total count
                 A         B        C        D         E       F
            +---------+---------+-------+---------+---------+-------
      Total |     297 |     159 |  34.9 |      74 |       9 |  10.8
            +---------+---------+-------+---------+---------+-------
        D:1 |      32 |       0 |   0.0 |      19 |       0 |   0.0
        D:2 |      72 |      14 |  16.3 |      26 |       8 |  23.5
        D:3 |     132 |       0 |   0.0 |      25 |       0 |   0.0
        D:4 |      61 |     145 |  70.4 |       4 |       1 |  20.0
            +---------+---------+-------+---------+---------+-------
